 Dungeon Crawl Stone Soup version 0.26-a0-542-gbaa144b (webtiles) character file.

Game seed: 3232080592564994665

293 relicbr the Spear-Bearer (level 6, -2/47 HPs)
             Began as a Merfolk Monk on Aug 17, 2020.
             Killed from afar by Dowan (24 damage)
             ... with a shard of ice
             ... on level 4 of the Dungeon.
             The game lasted 00:06:11 (3043 turns).

relicbr the Spear-Bearer (Merfolk Monk)             Turns: 3043, Time: 00:06:11

Health: -2/47      AC:  6    Str: 19    XL:     6   Next: 33%
Magic:  6/6        EV: 13    Int:  9    God:
Gold:   175        SH:  0    Dex: 17    Spells: 5/5 levels left

rFire    . . .     SeeInvis .   a - +0 spear
rCold    . . .     Faith    .   (no shield)
rNeg     . . .     Spirit   .   d - +0 ring mail
rPois    +         Reflect  .   (no helmet)
rElec    .         Harm     .   (no cloak)
rCorr    .                      l - +0 pair of gloves
MR       .....                  (no boots)
Stlth    ++........             (no amulet)
HPRegen  0.15/turn              g - ring of poison resistance
MPRegen  0.10/turn              b - +6 ring of strength

@: no status effects
A: change form in water, swift swim, stealthy swim
a: no special abilities


You were on level 4 of the Dungeon.
You visited 1 branch of the dungeon, and saw 4 of its levels.

You collected 175 gold pieces.

Inventory:

Hand Weapons
 a - a +0 spear (weapon)
Armour
 d - a +0 ring mail (worn)
 l - a +0 pair of gloves (worn)
Jewellery
 b - a +6 ring of strength (right hand)
 g - a ring of poison resistance (left hand)
Scrolls
 c - 2 scrolls of amnesia
 j - a scroll of teleportation {unknown}
 k - a scroll of random uselessness {unknown}
 m - a scroll of fear {unknown}
 n - a scroll of noise {unknown}
 o - a scroll of remove curse
 p - a scroll of magic mapping {unknown}
 q - 2 scrolls of fog {unknown}
Potions
 e - a potion of curing {unknown}
 f - 3 potions of lignification
 h - a potion of stabbing {unknown}
 i - a potion of heal wounds


   Skills:
 - Level 3.2 Fighting
 * Level 9.9 Polearms
 - Level 4.0 Dodging
 - Level 2.1 Stealth


You had 5 spell levels left.
You didn't know any spells.
Your spell library was empty.

Dungeon Overview and Level Annotations

Branches:
Dungeon (4/15)
 Temple: D:4-7

Altars:

Annotations:
D:4 Dowan


Message History

Duvessa is almost dead.
Duvessa closely misses you.
You hit Duvessa.
You kill Duvessa!
Dowan's eyes darken. "You have made a black mistake."
Dowan seems to find hidden reserves of power!
You have reached level 6!
Your experience leads to an increase in your attributes!
Your base attributes are Str 12, Int 9, Dex 17.
Increase (S)trength, (I)ntelligence, or (D)exterity?
You feel stronger.
Attack whom?
Press: ? - help, Dir - move target cursor, f - Dowan
Aim: Dowan, wielding a +3 dagger of holy wrath and wearing a +0 robe (almost dead, fast)
You reach to attack!
You hit Dowan but do no damage.
Dowan is almost dead.
Dowan gestures at you while chanting. The shard of ice hits you!!
Ouch! That really hurt!
You die...

........#....
#####..........
####..#.##........
#.#...............
##...........##....
#........###..# ...
#.$.....## ..# .
##.....)# ...#
##..e†@# #.##
#....### .. ###..
.. #.. ###


You could see Dowan (fast).

Vanquished Creatures
  Duvessa (D:4)
  A centaur skeleton (D:4)
  5 adders
  A shadow imp (D:2)
  2 worms (D:3)
  2 dart slugs
  4 leopard geckos
  7 orcs
  A ball python (D:1)
  5 giant cockroaches
  7 goblins
  8 hobgoblins
  13 jackals
  12 bats
  7 frilled lizards
  9 kobolds
  6 rats
91 creatures vanquished.

Notes
Turn   | Place    | Note
-------+----------+-------------------------------------------
     0 | D:1      | relicbr the Merfolk Monk began the quest for the Orb.
     0 | D:1      | Reached XP level 1. HP: 18/18 MP: 1/1
   183 | D:1      | Reached skill level 5 in Polearms
   206 | D:1      | Reached XP level 2. HP: 24/24 MP: 2/2
   442 | D:1      | Reached skill level 6 in Polearms
   442 | D:1      | Reached XP level 3. HP: 29/29 MP: 3/3
  1300 | D:2      | Reached skill level 7 in Polearms
  1300 | D:2      | Reached XP level 4. HP: 35/35 MP: 4/4
  2253 | D:3      | Reached skill level 8 in Polearms
  2261 | D:3      | Reached XP level 5. HP: 35/41 MP: 5/5
  2990 | D:4      | Reached skill level 9 in Polearms
  2998 | D:4      | Noticed Dowan
  3000 | D:4      | Noticed Duvessa
  3042 | D:4      | Killed Duvessa
  3042 | D:4      | Reached XP level 6. HP: 21/47 MP: 6/6
  3043 | D:4      | Killed from afar by Dowan

Illustrated notes

Levels and vault maps discovered:
D:1:      heliophobic_arrival_glass_houses, layout_basic
D:2:      layout_basic, kennysheep_generic_room_14
D:3:      layout_loops_ring
D:4:      layout_cave_pools, minmay_statues_item, uniq_duvessa, uniq_eustachio

Skill      XL: |  1  2  3  4  5 |
---------------+----------------+-----
Polearms       | 5 6 7 8 9 |  9.9
Fighting       | |  3.2
Dodging        | |  4.0
Stealth        | |  2.1

Action                   |  1- 3 |  4- 6 || total
-------------------------+-------+-------++-------
Melee: Spear             |   155 |   281 ||   436
  Use: Scroll            |     3 |     1 ||     4
       Potion            |       |     1 ||     1
 Stab: Sleeping          |       |     4 ||     4
Armor: Scale mail        |    34 |       ||    34
       Ring mail         |     2 |    65 ||    67
Dodge: Dodged            |    55 |   124 ||   179

Table legend: (Time is in decaauts)
 A = Elapsed time spent in this place.
 B = Non-inter-level travel time spent in this place.
 C = Inter-level travel time spent in this place.
 D = Time resting spent in this place.
 E = Time spent auto-exploring this place.
 F = Levels seen in this place.
 G = Mean time per level.
                   A        B        C        D        E       F      G
               +--------+--------+--------+--------+--------+-----+--------+
         Total |   2913 |   2833 |     80 |    399 |   1783 |   4 |  728.2 |
       Dungeon |   2913 |   2833 |     80 |    399 |   1783 |   4 |  728.2 |
               +--------+--------+--------+--------+--------+-----+--------+

Top non-repeatable levels by time:
     D:3: 1149 daAuts
     D:2: 872 daAuts
     D:1: 826 daAuts
     D:4: 63 daAuts
